AoeStats
← Muchlmaster

Arabia

509831758Analyzed
1v1 RM · 4d ago on Sep 28, 2026· 53m 12s· 2 players
Game mode
Random Map
Map size
Tiny (2 player)
Population
200
Speed
Normal
Resources
Standard
Victory
Conquest
Starting age
Dark Age
Ending age
Imperial Age
RankedLock teamsTeams togetherTeam positionsShared explorationLock speedFull tech treeHidden civsTurbo modeCheats
Victory
Defeat
🇺🇸 Bohemians · United States
947
+14
🇦🇹 Poles · Austria
908
-14
Kang
0:42 Loom
11:21 Feudal Age
12:03 Town Watch
12:53 Wheelbarrow
12:10 Double-Bit Axe
14:12 Horse Collar
19:55 Castle Age
21:03 Hand Cart
21:00 Bow Saw
20:42 Pikeman
21:23 Squires
22:37 Heavy Plow
24:03 Fervor
32:02 Imperial Age
30:12 Murder Holes
30:28 Masonry
30:41 Fletching
31:54 Chemistry
31:52 Forging
31:43 Scale Mail Armor
32:08 Elite Skirmisher
32:11 Halberdier
34:26 Two-Man Saw
34:56 Bodkin Arrow
35:57 Conscription
37:03 Iron Casting
38:45 Town Patrol
39:15 Ballistics
39:26 Architecture
39:08 Hussite Reforms
39:29 Man-at-Arms
39:34 Houfnice
40:19 Bracer
40:20 Padded Archer Armor
41:58 Chain Mail Armor
42:44 Blast Furnace
44:00 Siege Engineers
45:25 Leather Archer Armor
45:33 Block Printing
45:40 Sanctity
45:47 Illumination
45:57 Theocracy
45:01 Long Swordsman
45:27 Arson
49:12 Wagenburg Tactics
51:02 Elite Hussite Wagon
51:45 Two-Handed Swordsman
Muchlmaster
1:31 Loom
10:27 Feudal Age
10:59 Double-Bit Axe
17:35 Castle Age
15:58 Gold Mining
16:44 Horse Collar
18:32 Bow Saw
20:47 Heavy Plow
21:56 Scale Barding Armor
22:21 Bloodlines
24:39 Husbandry
25:51 Wheelbarrow
25:21 Stone Mining
27:56 Forging
30:30 Hand Cart
30:25 Heavy Plow
33:12 Imperial Age
31:41 Padded Archer Armor
32:25 Szlachta Privileges
33:25 Ballistics
34:01 Chain Barding Armor
34:17 Iron Casting
33:10 Elite Skirmisher
34:37 Crop Rotation
33:34 Cavalier
34:43 Thumb Ring
34:36 Fletching
37:05 Blast Furnace
36:24 Leather Archer Armor
35:58 Town Watch
37:57 Chemistry
38:53 Bodkin Arrow
40:21 Light Cavalry
40:55 Pikeman
41:36 Squires
41:21 Arson
41:57 Bracer
41:29 Light Cavalry
43:58 Winged Hussar
Connection lost

Rejoining the realm…

Still unreachable

The connection could not be restored.

Session expired

The server has moved on; the page needs a fresh start.